 Dungeon Crawl Stone Soup version 0.31-a0-703-gcfe89afef6 (webtiles) character file.

Game seed: 3497178427785093545

55 porpoise the Sneak (level 3, -3/19 HPs)
             Began as a Vine Stalker Brigand on Sept 9, 2023.
             Slain by a gnoll bouda
             ... wielding a +0 club
              (6 damage)
             ... on level 2 of the Dungeon.
             The game lasted 00:06:23 (2117 turns).

porpoise the Sneak (Vine Stalker Brigand)           Turns: 2117, Time: 00:06:23

Health: -3/19      AC:  7    Str: 13    XL:     3   Next: 93%
Magic:  0/4        EV: 10    Int: 11    God:
Gold:   62         SH:  0    Dex: 17    Spells: 2/2 levels left

rFire   . . .        a - +2 dagger
rCold   . . .        (no shield)
rNeg    . . .        j - +0 ring mail
rPois   .            (no helmet)
rElec   .            c - +0 cloak
rCorr   .            g - +0 pair of gloves
SInv    .            (no boots)
Will    .....        (no amulet)
Stlth   ++           (no ring)
HPRegen 1.03/turn    (no ring)
MPRegen 0.09/turn

%: guardian spirit
@: weakened, invisible
A: fangs 2, regeneration 1, magic shield, antimagic bite, no potion heal 2
a: no special abilities


You were on level 2 of the Dungeon.
You visited 1 branch of the dungeon, and saw 3 of its levels.

You collected 62 gold pieces.

Inventory:

Hand Weapons
 a - a +2 dagger (weapon)
Missiles
 d - 22 poisoned darts (quivered)
 e - 3 curare-tipped darts
 l - a throwing net
Armour
 c - a +0 cloak (worn)
 g - a +0 pair of gloves (worn)
 j - a +0 ring mail (worn)
Scrolls
 b - a scroll of fog {unknown}
 h - a scroll of teleportation
 k - 2 scrolls of noise
 m - a scroll of immolation {unknown}
 n - 2 scrolls of fear
Potions
 i - 4 potions of attraction
 o - a potion of degeneration {unknown}


   Skills:
 + Level 2.4 Fighting
 * Level 2.9 Short Blades
 - Level 1.7 Throwing
 - Level 0.7 Dodging
 + Level 5.3 Stealth


You had 2 spell levels left.
You didn't know any spells.
Your spell library contained the following spells:

 Spells                   Type           Power      Damage    Failure   Level
 Sandblast                Erth           0%         2d4       61%         1
 Passwall                 Tmut/Erth      0%         N/A       75%         2
 Poisonous Vapours        Pois/Air       0%         N/A       75%         2
 Mephitic Cloud           Conj/Pois/Air  0%         N/A       93%         3
 Stone Arrow              Conj/Erth      0%         3d7       93%         3
 Olgreb's Toxic Radiance  Pois           0%         N/A       100%        4
 Freezing Cloud           Conj/Ice/Air   0%         6-21      100%        5
 Malign Gateway           Summ/Tloc      0%         N/A       100%        7
 Discord                  Hex            0%         N/A       100%        8
 Ignition                 Fire           0%         3d3       100%        8
 Summon Horrible Things   Summ           0%         N/A       100%        8


Dungeon Overview and Level Annotations

Branches:
Dungeon (3/15)

Altars:


Innate Abilities, Weirdness & Mutations

You have extremely sharp teeth.
Your natural rate of healing is unusually fast.
When hurt, damage is shared between your health and your magic reserves.
Your bite disrupts and absorbs the magic of your enemies.
Potions cannot restore your health.


Message History

You hit the gnoll bouda but do no damage.
The gnoll bouda gazes fiercely through you!
You feel as though you will be weak longer.
The gnoll bouda hits you with a +0 club.
You hit the gnoll bouda. Your bite misses the gnoll bouda.
The gnoll bouda is lightly wounded.
The gnoll bouda hits you with a +0 club.
You hit the gnoll bouda but do no damage.
The gnoll bouda is lightly wounded.
The gnoll bouda hits you but does no damage.
You hit the gnoll bouda.
The gnoll bouda is lightly wounded.
The gnoll bouda hits you but does no damage.
You barely miss the gnoll bouda. Your bite misses the gnoll bouda.
The gnoll bouda is lightly wounded.
You hit the gnoll bouda. Your bite misses the gnoll bouda.
The gnoll bouda is lightly wounded.
The gnoll bouda closely misses you.
You hit the gnoll bouda.
The gnoll bouda is moderately wounded.
The gnoll bouda hits you with a +0 club!
* * * LOW HITPOINT WARNING * * *
You hit the gnoll bouda.
You bite the gnoll bouda, but do no damage.
The gnoll bouda is heavily wounded.
The gnoll bouda hits you with a +0 club.
* * * LOW HITPOINT WARNING * * *
You fade into invisibility!
The gnoll bouda barely misses you.
You barely miss the gnoll bouda.
The gnoll bouda is heavily wounded.
The gnoll bouda hits you with a +0 club.
* * * LOW HITPOINT WARNING * * *
You barely miss the gnoll bouda.
The gnoll bouda is heavily wounded.
The gnoll bouda closely misses you.
You hit the gnoll bouda.
The gnoll bouda is heavily wounded.
The gnoll bouda hits you with a +0 club.
You die...

#.##### ##.###### #.#...#
#.......# #.#.#.# #......##
######### #.#.#.#
#.##########........
#.#.#.########.†.......##.#######
#.#.#.#.....##########.##.#
#.#.#.#.....'.............#
....#.#.....##########.#######
......'.........@g...........#
#.#.#.#......###.##....####.##
#.###.#.####.# #.......#.##.#
#.###.#.# #.# #............#
......#.# #.# #.....#.#.####
#.#####.# #.###...#.#.#.#######
#.# #.####.#.................#
..# #.#....#.#.#####.#.#####.#
#.# ###................#.##...###


You could see a gnoll bouda (unable to see you).

Vanquished Creatures
  An adder (D:3)
  3 dart slugs
  An orc (D:2)
  4 bats
  2 endoplasms
  4 giant cockroaches
  A goblin (D:1)
  4 hobgoblins
  2 quokkas (D:2)
  5 ball pythons
  2 frilled lizards (D:1)
  3 kobolds
  6 rats
38 creatures vanquished.

Notes
Turn   | Place    | Note
-------+----------+-------------------------------------------
     0 | D:1      | porpoise the Vine Stalker Brigand began the quest for the
                  | Orb.
     0 | D:1      | Reached XP level 1. HP: 11/11 MP: 2/2
   108 | D:1      | Reached skill level 5 in Stealth
   108 | D:1      | Reached XP level 2. HP: 15/15 MP: 3/3
   862 | D:2      | Reached XP level 3. HP: 18/18 MP: 4/4
   970 | D:2      | Found a faded altar of an unknown god.
  2117 | D:2      | Slain by a gnoll bouda

Illustrated notes

Levels and vault maps discovered:
D:1:      nicolae_arrival_washed_ashore, layout_basic
D:2:      layout_basic, shapermc_ecumenical_altar_gd, minmay_tetromino_t4
D:3:      layout_rooms, general_overflow_altar, kennysheep_cluttered_room,
          uniq_terence

Skill      XL: |  1  2 |
---------------+-------+-----
Short Blades   | 2 |  2.9
Stealth        | 5 |  5.3
Fighting       | 2 |  2.4
Throwing       | |  1.7
Dodging        | |  0.7

Action                     || total
---------------------------++-------
  Melee: Dagger            ||   100
         Bite              ||    17
         Punch             ||     1
    Use: Scroll            ||     5
         Potion            ||     1
   Stab: Sleeping          ||    13
 Armour: Robe              ||     8
         Ring mail         ||    48
  Dodge: Dodged            ||    40

Table legend: (Time is in decaauts)
 A = Elapsed time spent in this place.
 B = Non-inter-level travel time spent in this place.
 C = Inter-level travel time spent in this place.
 D = Time resting spent in this place.
 E = Time spent auto-exploring this place.
 F = Levels seen in this place.
 G = Mean time per level.
                   A        B        C        D        E       F      G
               +--------+--------+--------+--------+--------+-----+--------+
         Total |   2107 |   1915 |    192 |    130 |   1413 |   3 |  702.3 |
       Dungeon |   2107 |   1915 |    192 |    130 |   1413 |   3 |  702.3 |
               +--------+--------+--------+--------+--------+-----+--------+

Top non-repeatable levels by time:
     D:2: 1211 daAuts
     D:1: 834 daAuts
     D:3: 61 daAuts
